 Dungeon Crawl Stone Soup version 0.28-a0-1312-g71652a0310 (webtiles) character file.

Game seed: 16250761521456092422

485 Goblin1989 the Firebug (level 6, -2/47 HPs)
             Began as a Demonspawn Cinder Acolyte on Dec 24, 2021.
             Was a High Priest of Ignis.
             Slain by Grinder (7 damage)
             ... while paralysed by Grinder
             ... on level 4 of the Dungeon on Dec 28, 2021.
             The game lasted 00:09:00 (4821 turns).

Goblin1989 the Firebug (Demonspawn Cinder Acolyte)  Turns: 4821, Time: 00:09:00

Health: -2/47      AC:  8    Str: 11 (14) XL:     6   Next: 88%
Magic:  1/11       EV:  2    Int: 14 (17) God:    Ignis [*****.]
Gold:   206        SH:  0    Dex: 14 (15) Spells: 12/14 levels left

rFire   + . .      SeeInvis .   a - -1 hand axe (flame)
rCold   . . .      Faith    .   (no shield)
rNeg    . . .      Spirit   .   b - +0 robe
rPois   .          Reflect  .   l - +0 helmet
rElec   .          Harm     .   (no cloak)
rCorr   .          Rampage  .   f - +1 pair of gloves
Will    .....                   (no boots)
Stlth   +.........              m - amulet of the acrobat
HPRegen 0.15/turn               p - +4 ring of slaying
MPRegen 0.12/turn               o - +6 ring of dexterity

@: paralysed, mighty, attractive, flying
A: molten scales 2, spiny 1, low mp 1
a: Renounce Religion, Fiery Armour, Foxfire Swarm, Rising Flame


You were on level 4 of the Dungeon.
You worshipped Ignis.
Ignis was extremely pleased with you.
You visited 1 branch of the dungeon, and saw 4 of its levels.

You collected 206 gold pieces.

Inventory:

Hand Weapons
 a - a -1 hand axe of flaming (weapon)
 r - a +3 whip of freezing
Armour
 b - a +0 robe (worn)
 f - a +1 pair of gloves (worn)
 l - a +0 helmet (worn)
Jewellery
 i - a ring of positive energy
 m - an amulet of the acrobat (around neck)
 o - a +6 ring of dexterity (right hand)
 p - a +4 ring of slaying (left hand)
Scrolls
 c - 2 scrolls of acquirement {unknown}
 e - 2 scrolls of blinking {unknown}
 j - 4 scrolls of identify {unknown}
 k - 2 scrolls of teleportation {unknown}
 u - a scroll of magic mapping {unknown}
Potions
 d - a potion of mutation {!q}
 g - 2 potions of flight
 s - a potion of heal wounds {unknown}
 t - a potion of curing {@q1}
 v - a potion of lignification {unknown}
 w - a potion of ambrosia {unknown}


   Skills:
 - Level 3.0 Fighting
 - Level 2.6 Axes
 + Level 4.6 Spellcasting
 + Level 5.4 Fire Magic


You had 12 spell levels left.
You knew the following spells:

 Your Spells              Type           Power      Damage    Failure   Level
a - Scorch                Fire           36%        2d7       3%          2

Your spell library contained the following spells:

 Spells                   Type           Power      Damage    Failure   Level


Dungeon Overview and Level Annotations

Branches:
Dungeon (4/15)             Temple (0/1) D:4

Altars:
Hepliaklqana

Annotations:
D:4 Grinder


Innate Abilities, Weirdness & Mutations

You are mostly covered in molten scales. (AC +3)
You are partially covered in sharp spines.
Your magical capacity is low. (-10% MP)


Message History

Grinder gestures at you.
You barely resist. Grinder gestures at you. You resist with significant effort.
Grinder hits you.
You writhe in agony.
You can move again.
You take 11 damage, and have 22/47 hp.
MASSIVE DAMAGE!!
Unknown command.
Unknown command.
Casting: Scorch (safe; 2% risk of failure)
Confirm with . or Enter, or press ? or * to list all spells.
You don't know that spell.
Okay, then.
Unknown command.
Casting: Scorch (safe; 2% risk of failure)
Confirm with . or Enter, or press ? or * to list all spells.
Flames lash Grinder.
Grinder is lightly wounded.
Grinder's fire resistance burns away.
You now have 0/13 mp.
Grinder gestures at you.
You shrug off the repeated paralysis!
Grinder is no longer more vulnerable to fire.
Grinder gestures at you. Pain shoots through your body!
* * * LOW HITPOINT WARNING * * *
You take 1 damage, and have 21/47 hp.
Grinder gestures at you. Pain shoots through your body!
* * * LOW HITPOINT WARNING * * *
You take 11 damage, and have 10/47 hp.
MASSIVE DAMAGE!!
Grinder gestures at you. You resist with significant effort.
Grinder gestures at you.
You suddenly lose the ability to move!
Grinder gestures at you.
You shrug off the repeated paralysis!
You can move again.
Casting: Scorch (safe; 2% risk of failure)
Confirm with . or Enter, or press ? or * to list all spells.
Flames lash Grinder.
Grinder is lightly wounded.
Grinder's fire resistance burns away.
Grinder is struck by your spines. Grinder hits you.
* * * LOW HITPOINT WARNING * * *
You writhe in agony.
* * * LOW HITPOINT WARNING * * *
You take 5 damage, and have 7/47 hp.
You now have 0/13 mp.
Unknown command.
You hit Grinder but do no damage.
Grinder is moderately wounded.
Grinder says, "Just stop there for a second..."
Grinder barely misses you.
It was a potion of flight.
You feel very buoyant.
You fly up into the air.
Grinder is struck by your spines. Grinder barely misses you.
It was a potion of mutation.
You feel extremely strange.
You feel less energetic.
Grinder is no longer more vulnerable to fire.
Grinder gestures at you.
You suddenly lose the ability to move!
Grinder is struck by your spines. Grinder hits you.
* * * LOW HITPOINT WARNING * * *
You writhe in agony.
* * * LOW HITPOINT WARNING * * *
Grinder hits you but does no damage.
You can move again.
You take 4 damage, and have 3/47 hp.
It was a potion of curing.
You feel better. Grinder barely misses you.
You regained 8 hp, and now have 11/47 hp.
It was a potion of degeneration.
There was something very wrong with that liquid.
You feel weakened.
You feel dopey.
You feel clumsy. Grinder hits you.
* * * LOW HITPOINT WARNING * * *
You writhe in agony.
* * * LOW HITPOINT WARNING * * *
You take 6 damage, and have 5/47 hp.
It was a potion of attraction.
You feel attractive to monsters. Grinder misses you.
Unknown command.
It was a potion of might.
You feel very mighty all of a sudden. Grinder gestures at you.
Pain shoots through your body!
* * * LOW HITPOINT WARNING * * *
You take 1 damage, and have 4/47 hp.
Okay, then.
You closely miss Grinder.
Grinder is moderately wounded.
Grinder gestures at you. You resist with significant effort.
You hit Grinder. You burn Grinder.
Grinder is heavily wounded.
Grinder gestures at you.
You suddenly lose the ability to move!
Grinder is struck by your spines. Grinder hits you!
You die... ....█ █..............█ █..██ ██..........█.██ ██ ██)████

██.......██..█ ██. ......██
██....████..█ █.. .......█ ██.███
██.██ ██. ......██ ███ █..███ █.
.....█.██ ██....██████████(
....███.█████████...........†.██.
...██ █..█...██5@██████████......
..██ ███........██


███████ ███ ██..........█ █ ██...........█ ██............█ ██.............█
██..............█ ................█ ................█ You could see Grinder.

Vanquished Creatures
  An ogre (D:4)
  A centaur (D:3)
  A scorpion (D:4)
  2 hounds (D:4)
  An orc wizard (D:3)
  3 hound skeletons
  Robin (D:2)
  2 adders (D:4)
  2 ufetubi
  2 worms
  4 dart slugs
  5 orcs
  5 ball pythons
  5 endoplasms
  5 giant cockroaches
  10 goblins
  10 hobgoblins
  4 jackals (D:2)
  3 quokkas
  4 bats
  2 frilled lizards (D:3)
  15 kobolds
  4 rats
92 creatures vanquished.

Vanquished Creatures (others)
  2 plants (D:1)
2 creatures vanquished.

Grand Total: 94 creatures vanquished

Notes
Turn   | Place    | Note
-------+----------+-------------------------------------------
     0 | D:1      | Goblin1989 the Demonspawn Cinder Acolyte began the quest
                  | for the Orb.
     0 | D:1      | Reached XP level 1. HP: 18/18 MP: 2/2
   133 | D:1      | Found a faded altar of an unknown god.
   422 | D:1      | Reached skill level 3 in Fire Magic
   422 | D:1      | Gained mutation: You are partially covered in sharp spines.
                  | [demonic ancestry]
   422 | D:1      | Reached XP level 2. HP: 23/24 MP: 2/4
   515 | D:1      | Learned a level 2 spell: Scorch
  1200 | D:2      | Noticed Robin
  1224 | D:1      | Reached XP level 3. HP: 14/29 MP: 6/6
  1552 | D:2      | Found a hazy altar of Hepliaklqana.
  1745 | D:2      | Upgraded the game from 0.28-a0-1234-g826d19b2e0 to
                  | 0.28-a0-1235-g7c8fac35f0
  1783 | D:2      | Killed Robin
  2279 | D:2      | Gained mutation: You are partially covered in molten
                  | scales. (AC +2) [demonic ancestry]
  2279 | D:2      | Reached XP level 4. HP: 35/35 MP: 7/7
  2488 | D:2      | Upgraded the game from 0.28-a0-1235-g7c8fac35f0 to
                  | 0.28-a0-1312-g71652a0310
  2764 | D:3      | Reached skill level 4 in Fire Magic
  3341 | D:3      | Reached XP level 5. HP: 41/41 MP: 4/9
  3411 | D:3      | Noticed a centaur
  3416 | D:3      | Killed a centaur
  3970 | D:4      | Found a staircase to the Ecumenical Temple.
  4165 | D:4      | Gained mutation: You are mostly covered in molten scales.
                  | (AC +3) [demonic ancestry]
  4165 | D:4      | Reached XP level 6. HP: 38/47 MP: 1/12
  4391 | D:4      | Reached skill level 5 in Fire Magic
  4761 | D:4      | Noticed Grinder
  4764 | D:4      | Paralysed by Grinder for 5 turns
  4790 | D:4      | Paralysed by Grinder for 6 turns
  4803 | D:4      | Paralysed by Grinder for 7 turns
  4813 | D:4      | Gained mutation: Your magical capacity is low. (-10% MP)
                  | [potion of mutation]
  4813 | D:4      | Paralysed by Grinder for 3 turns
  4814 | D:4      | HP: 2/47 [Grinder (3)]
  4821 | D:4      | Paralysed by Grinder for 7 turns
  4821 | D:4      | Slain by Grinder

Illustrated notes

Levels and vault maps discovered:
D:1:      dpeg_arrival_court, layout_loops_cross,
          shapermc_ecumenical_altar_mp_ritualfount, amethyst_killhole
D:2:      layout_basic, basic_altar, corexii_leaking_fountain, dk_vineyard_3,
          uniq_robin
D:3:      layout_loops_ring
D:4:      layout_cave_pods, minmay_temple_entry_glass, minmay_divided_ellipse,
          uniq_grinder

Skill      XL: |  1  2  3  4  5  6 |
---------------+-------------------+-----
Fire Magic     | 3 4 5 |  5.4
Spellcasting   | 2 3 4 |  4.6
Fighting       | |  3.0
Axes           | |  2.6

Action                   |  1- 3 |  4- 6 || total
-------------------------+-------+-------++-------
Melee: Hand axe          |    86 |    37 ||   123
 Cast: Scorch            |     6 |    66 ||    72
Invok: Fiery Armour      |       |     1 ||     1
  Use: Potion            |       |     6 ||     6
Armor: Robe              |    24 |    23 ||    47
Dodge: Dodged            |    44 |    38 ||    82

Table legend: (Time is in decaauts)
 A = Elapsed time spent in this place.
 B = Non-inter-level travel time spent in this place.
 C = Inter-level travel time spent in this place.
 D = Time resting spent in this place.
 E = Time spent auto-exploring this place.
 F = Levels seen in this place.
 G = Mean time per level.
                   A        B        C        D        E       F      G
               +--------+--------+--------+--------+--------+-----+--------+
         Total |   4841 |   4723 |    118 |    430 |   3646 |   4 | 1210.2 |
       Dungeon |   4841 |   4723 |    118 |    430 |   3646 |   4 | 1210.2 |
               +--------+--------+--------+--------+--------+-----+--------+

Top non-repeatable levels by time:
     D:3: 1408 daAuts
     D:1: 1356 daAuts
     D:2: 1166 daAuts
     D:4: 909 daAuts
